 Dungeon Crawl Stone Soup version 0.19.0-11-g3fc08b3 (webtiles) character file.

7295 mistymad the Martial Artist (level 11, -13/100 HPs)
             Began as a Naga Transmuter on Nov 9, 2016.
             Killed from afar by Nergalle (31 damage)
             ... with a bolt of negative energy
             ... on level 10 of the Dungeon.
             The game lasted 00:34:16 (11812 turns).

mistymad the Martial Artist (Naga Transmuter)      Turns: 11812, Time: 00:34:17

Health: -13/100    AC:  2    Str: 18    XL:     11   Next: 13%
Magic:  6/17       EV: 17    Int: 16    God:
Gold:   565        SH:  0    Dex: 18    Spells: 5 memorised, 4 levels left

rFire  . . .     SeeInvis +       - Unarmed
rCold  . . .     Gourm    .     (armour currently unavailable)
rNeg   . . .     Faith    .     (shield currently unavailable)
rPois  x         Spirit   .     (helmet currently unavailable)
rElec  .         Reflect  .     (cloak currently unavailable)
rCorr  .         Harm     .     (gloves currently unavailable)
MR     ++...                    (no barding)
Stlth  ++........               V - amulet of magic regeneration
                                I - +6 ring of strength
                                z - ring of protection from magic

@: spider-form, very slightly contaminated, hasted, very heavily drained, very
quick
A: see invisible, (deformed body), (poison resistance), (slowness 0), slow
metabolism 1, spit poison 1, AC +3
a: Spit Poison, End Transformation


You were on level 10 of the Dungeon.
You were not hungry.
You were a venomous arachnid creature.
You visited 2 branches of the dungeon, and saw 11 of its levels.

You collected 565 gold pieces.

Inventory:

Hand Weapons
 g - a +0 blowgun
Missiles
 a - 171 arrows
Armour
 b - a +0 robe (melded)
 o - a +0 buckler
 y - a +0 pair of gloves (melded)
 B - a +0 helmet (melded)
 C - a +1 cloak (melded)
Jewellery
 e - an uncursed ring of resist corrosion
 w - an uncursed ring of magical power
 z - a ring of protection from magic (left front leg)
 I - a +6 ring of strength (right front leg)
 K - an uncursed ring of protection from magic
 V - an amulet of magic regeneration (around neck)
Wands
 t - a wand of paralysis (10/24)
 O - a wand of confusion (18/48)
 Q - a wand of lightning (13/15)
 U - a wand of lightning (12/15)
Scrolls
 j - 3 scrolls of fog
 m - 5 scrolls of remove curse
 p - 2 scrolls of teleportation
 q - 3 scrolls of identify
 s - a scroll of amnesia
 u - 3 scrolls of enchant armour
 x - a scroll of fear
 S - a scroll of magic mapping
 T - a scroll of recharging
Potions
 f - a potion of mutation
 h - a potion of haste
 l - a potion of resistance
 r - 2 potions of cancellation
 v - 6 potions of curing
 A - 2 potions of berserk rage {unknown}
 D - a potion of cure mutation
 F - 2 potions of invisibility {unknown}
 G - 2 potions of agility
 J - 2 potions of ambrosia {unknown}
 M - 2 potions of might {unknown}
 N - a potion of brilliance {unknown}
 R - a potion of magic {unknown}
Books
 c - a book of Changes

   Spells                             Type                      Level
   a - Beastly Appendage              Transmutation                1
   b - Sticks to Snakes               Transmutation                2
   c - Spider Form                    Transmutation/Poison         3
   d - Ice Form                       Ice/Transmutation            4
   e - Blade Hands                    Transmutation                5
 n - a book of Minor Magic

   Spells                             Type                      Level
   a - Magic Dart                     Conjuration                  1
   b - Blink                          Translocation                2
   c - Call Imp                       Summoning                    2
   d - Repel Missiles                 Charms/Air                   2
   e - Slow                           Hexes                        2
   f - Conjure Flame                  Conjuration/Fire             3
   g - Mephitic Cloud                 Conjuration/Poison/Air       3
 L - a book of Conjurations

   Spells                             Type                      Level
   a - Magic Dart                     Conjuration                  1
   b - Searing Ray                    Conjuration                  2
   c - Dazzling Spray                 Conjuration/Hexes            3
   d - Fulminant Prism                Conjuration/Hexes            4
   e - Iskenderun's Mystic Blast      Conjuration                  4
   f - Iskenderun's Battlesphere      Conjuration/Charms           5
Comestibles
 d - 5 bread rations
 i - 10 meat rations
 H - 16 fruits
 P - 6 slices of pizza


   Skills:
 + Level 7.2(2.9) Fighting
 - Level 1.5(0.0) Dodging
 + Level 10.7(6.0) Unarmed Combat
 - Level 4.0(0.1) Spellcasting
 + Level 10.6(5.9) Transmutations


You had 4 spell levels left.
You knew the following spells:

 Your Spells              Type           Power        Failure   Level  Hunger
a - Repel Missiles        Chrm/Air       #.....       61%         2    ###....
b - Sticks to Snakes      Tmut           ###.....     14%         2    ###....
c - Spider Form           Tmut/Pois      #.........   41%         3    ####...
d - Blade Hands           Tmut           ###.......   89%         5    ######.
e - Blink                 Tloc           N/A          61%         2    ###....


Dungeon Overview and Level Annotations

Branches:
Dungeon (10/15)            Temple (1/1) D:5
   Lair: D:8-11         Orc: D:9-12

Altars:
Ashenzari
Cheibriados
Dithmenos
Elyvilon
Fedhas
Gozag
Hepliaklqana
Kikubaaqudgha
Makhleb
Nemelex Xobeh
Okawaru
Qazlal
Ru
Sif Muna
Trog
Uskayaw
Vehumet
Xom
Yredelemnul
Zin
The Shining One

Annotations:
D:10 Nergalle


Innate Abilities, Weirdness & Mutations

You cannot wear boots.
((Your serpentine skin is tough. (AC +3)))
You have supernaturally acute eyesight. (SInv)
((Armour fits poorly on your strangely shaped body.))
((Your system is resistant to poisons. (rPois)))
((You cover ground very slowly.))
You have a slow metabolism.
You can spit poison.


Message History

The spectral orc warrior hits you with a glaive!
* * * LOW HITPOINT WARNING * * *
You feel drained.
* * * LOW HITPOINT WARNING * * *
Your adder misses Nergalle.
You take 21 damage, and have 8/100 hp.
MASSIVE DAMAGE!!
You feel better. Nergalle hits you with a dagger.
* * * LOW HITPOINT WARNING * * *
The spectral orc warrior misses you.
Your adder bites the spectral orc warrior but does no damage.
Your ball python bites the spectral orc warrior but does no damage.
Your adder bites Nergalle.
You regained 10 hp, and now have 18/100 hp.
You hit Nergalle.
Nergalle looks as sick as possible!
Nergalle is heavily wounded.
The spectral orc warrior completely misses you.
The spectral orc warrior misses you.
Nergalle gestures at you while chanting.
The bolt of negative energy hits you!
You feel drained.
You die...

.... .... .....
..... ......
......#+########
#............#
#..SSs.......#
+..SZo...<<..#
#.....Z......#
...............#
...#############
.. .


You could see Nergalle, 2 spectral orc warriors, 2 friendly adders and a
friendly ball python.

Vanquished Creatures
  A hydra (D:8)
  The ghost of MDvedh the Basher, a novice MiWn of Okawaru (D:6)
  A manticore (D:9)
  A rust devil (D:6)
  A centaur zombie (D:9)
  A dream sheep (D:8)
  A hippogriff (D:8)
  Sigmund (D:2)
  A yak (D:8)
  The ghost of dobroeutro the Chopper, an amateur MiBe of Trog (D:4)
  A hungry ghost (D:5)
  A water moccasin (D:9)
  A phantom (D:3)
  5 orc warriors
  An eye of draining (D:8)
  5 ogres
  2 black bears
  4 centaurs
  5 big kobolds
  2 bullfrogs (D:7)
  7 scorpions
  A water moccasin skeleton (D:7)
  2 howler monkeys
  2 vampire bats (D:4)
  5 crimson imps
  5 orc priests
  6 hounds
  3 jellies
  2 centaur skeletons (D:9)
  7 orc wizards
  3 iguanas
  4 worker ants
  A hound zombie (D:6)
  A worker ant zombie (D:5)
  A howler monkey skeleton (D:8)
  10 adders
  An adder zombie (D:5)
  5 worms
  A dart slug (D:3)
  6 leopard geckos
  36 orcs
  7 giant cockroaches
  11 goblins
  8 hobgoblins
  3 jackals (D:2)
  8 quokkas
  A ball python (D:5)
  A ball python skeleton (D:6)
  11 bats
  4 frilled lizards
  A jackal zombie (D:6)
  18 kobolds
  2 leopard gecko skeletons
  2 quokka zombies
  8 rats
231 creatures vanquished.

Vanquished Creatures (collateral kills)
  A rust devil (D:7)
  A dream sheep (D:8)
  A yak (D:8)
  A big kobold (D:8)
  2 orcs
  A quokka (D:7)
  2 bats (D:4)
  4 kobolds
13 creatures vanquished.

Grand Total: 244 creatures vanquished

Notes
Turn   | Place    | Note
-------+----------+-------------------------------------------
     0 | D:1      | mistymad the Naga Transmuter began the quest for the Orb.
     0 | D:1      | Reached XP level 1. HP: 18/18 MP: 3/3
   379 | D:1      | Reached XP level 2. HP: 21/25 MP: 5/5
  1221 | D:2      | Learned a level 2 spell: Sticks to Snakes
  1445 | D:2      | Reached XP level 3. HP: 24/31 MP: 6/6
  1450 | D:2      | Learned a level 3 spell: Spider Form
  1679 | D:2      | Found a hazy altar of Hepliaklqana.
  2111 | D:2      | Found a burning altar of Makhleb.
  2113 | D:2      | Found a stormy altar of Qazlal.
  2115 | D:2      | Found an ancient bone altar of Kikubaaqudgha.
  2331 | D:2      | Found a faded altar of an unknown god.
  2348 | D:2      | Noticed Sigmund
  2359 | D:2      | Killed Sigmund
  2359 | D:2      | Reached XP level 4. HP: 33/38 MP: 4/7
  2359 | D:2      | Reached XP level 5. HP: 38/44 MP: 4/8
  2456 | D:2      | Found a shattered altar of Ashenzari.
  2868 | D:3      | Reached XP level 6. HP: 51/51 MP: 9/9
  3097 | D:3      | Noticed a phantom
  3141 | D:3      | Killed a phantom
  3141 | D:3      | Reached skill level 5 in Unarmed Combat
  3655 | D:4      | Reached skill level 5 in Transmutations
  3655 | D:4      | Reached XP level 7. HP: 47/57 MP: 11/11
  3998 | D:4      | Noticed dobroeutro's ghost (amateur MiBe)
  4032 | D:5      | Entered Level 5 of the Dungeon
  4131 | D:5      | Found a staircase to the Ecumenical Temple.
  4153 | Temple   | Entered the Ecumenical Temple
  4338 | D:5      | Noticed a hungry ghost
  4345 | D:5      | Learned a level 5 spell: Blade Hands
  4370 | D:5      | Killed a hungry ghost
  4373 | D:5      | Noticed a moth of wrath
  4377 | D:5      | Found a bloodstained altar of Trog.
  4957 | D:5      | Reached XP level 8. HP: 64/64 MP: 14/14
  5359 | D:6      | Noticed MDvedh's ghost (novice MiWn)
  5399 | D:6      | Killed MDvedh's ghost
  5715 | D:6      | Reached XP level 9. HP: 45/70 MP: 10/15
  6123 | D:4      | Killed dobroeutro's ghost
  7041 | D:7      | HP: 2/74 [centaur/arrow (8)]
  7438 | D:6      | Noticed a rust devil
  7438 | D:6      | Noticed a rust devil
  7772 | D:7      | Killed a rust devil
  8228 | D:7      | Reached XP level 10. HP: 49/87 MP: 14/16
  8398 | D:6      | Killed a rust devil
  8541 | D:8      | Reached skill level 5 in Fighting
  9431 | D:8      | HP: 4/91 [yak (16)]
  9433 | D:8      | Reached skill level 10 in Unarmed Combat
  9906 | D:8      | Noticed a two-headed hydra
  9919 | D:8      | Killed a two-headed hydra
  9919 | D:8      | Reached skill level 10 in Transmutations
 10984 | D:9      | Noticed a manticore
 10993 | D:9      | Killed a manticore
 11008 | D:9      | Reached XP level 11. HP: 99/99 MP: 13/17
 11070 | D:9      | Learned a level 2 spell: Repel Missiles
 11073 | D:9      | Learned a level 2 spell: Blink
 11447 | D:9      | Found a deep blue altar of Sif Muna.
 11790 | D:10     | Entered Level 10 of the Dungeon
 11794 | D:10     | Noticed Nergalle
 11812 | D:10     | Killed from afar by Nergalle

Skill      XL: |  1  2  3  4  5  6  7  8  9 10 11 |
---------------+----------------------------------+-----
Unarmed Combat | 4 5 6 8 9 10 | 10.7
Transmutations | 4 5 7 9 10 | 10.6
Spellcasting   | 3 4 |  4.0
Fighting       | 4 6 7 |  7.2
Dodging        | |  1.5

Action                   |  1- 3 |  4- 6 |  7- 9 | 10-12 || total
-------------------------+-------+-------+-------+-------++-------
Melee: Unarmed           |   100 |   111 |   340 |   212 ||   763
       Headbutt          |     1 |       |       |       ||     1
       Punch             |       |       |     1 |     2 ||     3
 Cast: Beastly Appendage |     1 |       |       |       ||     1
       Spider Form       |     2 |    12 |    39 |    23 ||    76
       Sticks to Snakes  |       |       |    12 |    16 ||    28
       Blade Hands       |       |       |     1 |       ||     1
 Abil: Spit Poison       |    24 |    13 |    22 |    11 ||    70
  Use: Scroll            |       |     3 |    18 |     1 ||    22
       Potion            |       |       |     1 |     2 ||     3
 Stab: Sleeping          |       |     2 |       |     1 ||     3
       Distracted        |       |       |     1 |       ||     1
  Eat: Chunk             |     5 |     7 |    16 |     9 ||    37
       Pizza             |       |       |     2 |       ||     2
       Beef jerky        |       |       |     1 |     2 ||     3
Armor: Robe              |    12 |    19 |    30 |    15 ||    76
       Skin              |       |     3 |    16 |     8 ||    27
Dodge: Dodged            |    50 |    68 |   291 |   155 ||   564
